[Event "International chess holiday M31"]
[Site "Praha"]
[Date "2012.07.31"]
[Round "4"]
[White "Kratochvíl, Jakub"]
[Black "Koper, Štefan"]
[Result "1-0"]
[ECO "B08"]
[WhiteElo "2136"]
[BlackElo "1960"]
[Annotator ",Martin"]
[PlyCount "105"]
[TimeControl "240+2"]

1. e4 d6 2. d4 Nf6 3. Nc3 g6 4. Nf3 Bg4 5. h3 Bxf3 6. Qxf3
c6 7. Bc4 e5 8. Bg5 Bg7 9. dxe5 dxe5 10. Rd1 Qe7 11. O-O h6 12. Bh4 O-O 13. Rd2
Nbd7 14. Rfd1 Nb6 15. Bb3 Rad8 16. Qe2 Rxd2 17. Qxd2 g5 18. Bg3 Nh5 19. Bh2 Nf4
20. Qd6 Qxd6 21. Rxd6 Re8 22. Kf1 Kf8 23. f3 Ke7 24. Rd1 Nd7 25. Bxf7 Kxf7 26.
Rxd7+ Re7 27. Rxe7+ Kxe7 28. Ne2 Kd6 29. Bg1 b6 30. Ng3 Bf8 31. Nf5+ Kd7 32.
Be3 h5 33. h4 gxh4 34. Nxh4 c5 35. Nf5 c4 36. Ng3 c3 37. bxc3 Kc6 38. Bxf4 exf4
39. Nxh5 Bd6 40. g3 fxg3 41. f4 Kc5 42. Kg2 Kc4 43. e5 Bc5 44. f5 Kd5 45. e6
Ke5 46. Nxg3 Bd6 47. Kf3 Ba3 48. Kg4 Be7 49. Ne2 Bf6 50. Nd4 a5 51. Kh5 a4 52.
Kg6 Bh4 53. Nf3+ 1-0

[Event "International chess holiday M31"]
[Site "Praha"]
[Date "2012.07.31"]
[Round "4"]
[White "Hofírek, Benedikt"]
[Black "Spindler, Markus"]
[Result "1-0"]
[ECO "A90"]
[WhiteElo "2041"]
[BlackElo "2092"]
[Annotator ",Martin"]
[PlyCount "89"]
[TimeControl "240+2"]

1. d4 e6 2. c4 f5 3. g3 Nf6 4. Bg2 d5 5. Nf3 c6 6. Qc2 Bd6
7. O-O O-O 8. Nbd2 Qe8 9. b3 Ne4 10. Bb2 Nd7 11. Ne5 Qh5 12. f3 Nxe5 13. Nxe4
fxe4 14. dxe5 Bxe5 15. cxd5 exd5 16. fxe4 Bxb2 17. Rxf8+ Kxf8 18. Qxb2 Be6 19.
exd5 cxd5 20. Rc1 Rc8 21. Qa3+ Ke8 22. Rxc8+ Bxc8 23. Bf3 Qe5 24. Qxa7 d4 25.
Qa4+ Kd8 26. Qc4 Be6 27. Qd3 Bf5 28. Qd2 Qc5 29. Kf1 Bh3+ 30. Ke1 Kc8 31. Kd1
Kb8 32. g4 Qd6 33. Qd3 h5 34. Qe4 Qb6 35. Qe8+ Ka7 36. Qxh5 d3 37. Qd5 dxe2+
38. Kxe2 Qa6+ 39. Kf2 Qxa2+ 40. Kg3 Qa6 41. Kh4 Qh6+ 42. Kg3 Qb6 43. Qxb7+ Qxb7
44. Bxb7 Kxb7 45. Kxh3 1-0

[Event "International chess holiday K31"]
[Site "Praha"]
[Date "2012.07.31"]
[Round "4"]
[White "Pokorný, Jan"]
[Black "Koller, Martin"]
[Result "0-1"]
[ECO "A12"]
[WhiteElo "1814"]
[BlackElo "1900"]
[Annotator ",Martin"]
[PlyCount "140"]
[TimeControl "240+2"]

1. Nf3 Nf6 2. b3 g6 3. Bb2 Bg7 4. e3 O-O 5. c4 c6 6. Be2
d5 7. O-O Bg4 8. h3 Bf5 9. d3 a5 10. a4 Na6 11. cxd5 cxd5 12. Be5 Qb6 13. Nd4
Bd7 14. Na3 Ne8 15. Bxg7 Kxg7 16. Qd2 Nd6 17. Rfc1 Rfc8 18. Qb2 Kg8 19. Nf3 f6
20. Rxc8+ Rxc8 21. Rb1 Nb4 22. Qd4 Qxd4 23. Nxd4 Rc3 24. Nab5 Nxb5 25. Nxb5
Bxb5 26. axb5 Nxd3 27. b6 Nb4 28. Ra1 Rxb3 29. Rxa5 Nc6 30. Rxd5 Rxb6 31. g4
Kf8 32. h4 Rb2 33. Kf1 Rb1+ 34. Kg2 Rb2 35. Kf1 Ke8 36. h5 e6 37. hxg6 hxg6 38.
Rc5 g5 39. f4 gxf4 40. exf4 Rb4 41. f5 Rf4+ 42. Kg2 Nd4 43. Bb5+ Nxb5 44. Rxb5
Rxg4+ 45. Kf3 Rg5 46. Rxb7 Rxf5+ 47. Ke4 Rd5 48. Rh7 Rd7 49. Rh8+ Ke7 50. Rh7+
Kd6 51. Rh1 Rb7 52. Rd1+ Ke7 53. Ra1 Rb4+ 54. Kf3 f5 55. Ra7+ Kf6 56. Ra6 Rd4
57. Ke3 Re4+ 58. Kf3 Kg5 59. Ra8 Rb4 60. Rg8+ Kf6 61. Rf8+ Ke7 62. Ra8 e5 63.
Ra7+ Kd6 64. Ra6+ Kc5 65. Ra8 Rb3+ 66. Ke2 f4 67. Ra5+ Kd4 68. Ra4+ Kd5 69. Ra2
e4 70. Rd2+ Ke5 0-1

[Event "International chess holiday K31"]
[Site "Praha"]
[Date "2012.07.31"]
[Round "4"]
[White "Pommrich, Rainer"]
[Black "Vavøinec, Tomáš"]
[Result "0-1"]
[ECO "C10"]
[WhiteElo "2040"]
[BlackElo "1995"]
[Annotator ",Martin"]
[PlyCount "67"]
[TimeControl "240+2"]

1. e4 e6 2. d4 d5 3. Nc3 dxe4 4. Nxe4 Nd7 5. Nf3 Ngf6 6.
Nxf6+ Nxf6 7. Ne5 Nd7 8. Qf3 Qf6 9. Qxf6 gxf6 10. Nxd7 Bxd7 11. Bf4 O-O-O 12.
O-O-O Bc6 13. f3 Rg8 14. Rd2 Bg7 15. Bc4 f5 16. c3 Bf6 17. Rhd1 b5 18. Bb3 Bd5
19. Bxd5 Rxd5 20. g3 h5 21. b3 Rgd8 22. Be3 c6 23. c4 bxc4 24. bxc4 Ra5 25. Kb1
Rd7 26. Rd3 Ra4 27. Rc1 Rb4+ 28. Rb3 Rxb3+ 29. axb3 Bxd4 30. Bxd4 Rxd4 31. Kc2
e5 32. Ra1 Kb7 33. Ra5 f6 34. f4 0-1

[Event "International chess holiday K31"]
[Site "Praha"]
[Date "2012.07.31"]
[Round "4"]
[White "Suchý, Ladislav"]
[Black "Hapke, Ralf"]
[Result "0-1"]
[ECO "B01"]
[WhiteElo "1809"]
[BlackElo "1945"]
[Annotator ",Martin"]
[PlyCount "60"]
[TimeControl "240+2"]

1. Nc3 d5 2. e4 dxe4 3. Nxe4 Qd5 4. Nc3 Qa5 5. Bc4 Nf6 6.
d3 c6 7. h3 Bf5 8. Nf3 e6 9. Bf4 Nd5 10. Bxd5 cxd5 11. O-O Be7 12. Nd4 Bg6 13.
Ndb5 Na6 14. Nd6+ Bxd6 15. Bxd6 Qb6 16. Ba3 O-O-O 17. Qe2 Rde8 18. b3 f6 19.
Rfe1 e5 20. Na4 Qc6 21. Rac1 Kb8 22. Qd2 Nc7 23. Nc3 Ne6 24. f3 Bf5 25. b4 Nd4
26. Kh2 Qc7 27. b5 e4+ 28. f4 e3 29. Nxd5 exd2 30. Nxc7 dxe1=Q 0-1

[Event "International chess holiday K31"]
[Site "Praha"]
[Date "2012.07.31"]
[Round "4"]
[White "Brejník, Gustav"]
[Black "Vítek, Jan"]
[Result "1/2-1/2"]
[ECO "D30"]
[WhiteElo "1846"]
[BlackElo "1970"]
[Annotator ",Martin"]
[PlyCount "43"]
[TimeControl "240+2"]

1. d4 d5 2. c4 c6 3. Nf3 Nf6 4. e3 e6 5. Bd3 dxc4 6. Bxc4
b5 7. Bd3 a6 8. b3 Nbd7 9. O-O Bb7 10. Qd2 c5 11. Qe2 Bd6 12. Nbd2 O-O 13. Bb2
Re8 14. Ne5 Bxe5 15. dxe5 Nd5 16. Rac1 Rc8 17. Ne4 Rc7 18. Nd6 Rf8 19. f4 f5
20. Qf2 Qe7 21. Bc3 b4 22. Bd2 neèitelné 1/2-1/2

[Event "International chess holiday K31"]
[Site "Praha"]
[Date "2012.07.31"]
[Round "4"]
[White "Bouèek, Vlastimil"]
[Black "Trebbin, Wolfhard"]
[Result "1/2-1/2"]
[ECO "B25"]
[WhiteElo "2008"]
[BlackElo "2029"]
[Annotator ",Martin"]
[PlyCount "108"]
[TimeControl "240+2"]

1. e4 c5 2. Nc3 e6 3. d3 Nc6 4. f4 d6 5. g3 g6 6. Bg2 Bg7
7. Nh3 Nge7 8. O-O O-O 9. Be3 Nd4 10. Qd2 f5 11. Nd1 Rb8 12. c3 Ndc6 13. Qc2 h6
14. Nhf2 b6 15. h3 d5 16. g4 fxe4 17. dxe4 Ba6 18. Re1 d4 19. Bd2 Kh7 20. Bf1
Bxf1 21. Rxf1 c4 22. Kg2 d3 23. Qc1 Qd6 24. Be3 Rbd8 25. Qd2 Ng8 26. Nh1 Qe7
27. Bg1 g5 28. Ne3 gxf4 29. Nxc4 b5 30. Na3 Qg5 31. Rad1 h5 32. Rf2 Bh6 33. Kf1
hxg4 34. hxg4 Ne5 35. Nxb5 Nc4 36. Qc1 Ne3+ 37. Ke1 Nxd1 38. Qxd1 Qxb5 39. b3
Qe5 40. Rh2 Qxe4+ 41. Kf1 Kg6 42. g5 Bxg5 43. Qh5+ Kf6 44. Qh8+ Ke7 45. Bc5+
Kd7 46. Qg7+ Be7 47. Nf2 Qd5 48. Bd4 d2 49. Ke2 Kc8 50. Kd1 Rd7 51. Nd3 Qf3+
52. Kc2 Qg3 53. Qh7 Bg5 54. Qh8 f3 neèitelné 1/2-1/2

[Event "International chess holiday M31"]
[Site "Praha"]
[Date "2012.07.31"]
[Round "5"]
[White "Hadžala, Daniel"]
[Black "Kratochvíl, Jakub"]
[Result "1/2-1/2"]
[ECO "A05"]
[WhiteElo "2126"]
[BlackElo "2136"]
[Annotator ",Martin"]
[PlyCount "36"]
[TimeControl "240+2"]

1. Nf3 Nf6 2. g3 b6 3. Bg2 Bb7 4. O-O e6 5. d3 d5 6. c3
Be7 7. Nbd2 O-O 8. Qc2 c5 9. e4 Nc6 10. Re1 Rc8 11. b3 Qc7 12. Bb2 Rfd8 13.
Rac1 dxe4 14. dxe4 Ba6 15. Bf1 Bxf1 16. Nxf1 Ng4 17. Rcd1 Bf6 18. Qe2 Rxd1
1/2-1/2

[Event "International chess holiday M31"]
[Site "Praha"]
[Date "2012.07.31"]
[Round "5"]
[White "Spindler, Markus"]
[Black "Hentzgen, Thomas"]
[Result "1/2-1/2"]
[ECO "D02"]
[WhiteElo "2092"]
[BlackElo "2036"]
[Annotator ",Martin"]
[PlyCount "27"]
[TimeControl "240+2"]

1. d4 d5 2. Nf3 c5 3. dxc5 Nf6 4. c4 e6 5. cxd5 Bxc5 6.
Nc3 Nxd5 7. Nxd5 Qxd5 8. Qxd5 exd5 9. Bf4 O-O 10. Rc1 Bb4+ 11. Bd2 Bxd2+ 12.
Kxd2 Nc6 13. e3 Bg4 14. Be2 1/2-1/2

[Event "International chess holiday M31"]
[Site "Praha"]
[Date "2012.07.31"]
[Round "5"]
[White "Staufenberger, Bernd"]
[Black "Gregor, Jiøí"]
[Result "1/2-1/2"]
[ECO "B91"]
[WhiteElo "2079"]
[BlackElo "2281"]
[Annotator ",Martin"]
[PlyCount "48"]
[TimeControl "240+2"]

1. e4 c5 2. Nf3 d6 3. d4 cxd4 4. Nxd4 Nf6 5. Nc3 a6 6. g3
b5 7. Bg2 Bb7 8. a4 b4 9. Nd5 e6 10. Nxf6+ gxf6 11. Qh5 Qd7 12. O-O Nc6 13. Be3
Bg7 14. c4 bxc3 15. bxc3 Rc8 16. Rfb1 Ne5 17. Nxe6 Qxe6 18. Rxb7 Rxc3 19. Bh3
Qc4 20. Rb8+ Ke7 21. Rb7+ Kd8 22. Rab1 Qxe4 23. Rb8+ Kc7 24. R1b7+ Qxb7 1/2-1/2

[Event "International chess holiday M31"]
[Site "Praha"]
[Date "2012.07.31"]
[Round "5"]
[White "Nguyen, Thai Dai Van"]
[Black "Hofírek, Benedikt"]
[Result "1/2-1/2"]
[ECO "C45"]
[WhiteElo "2007"]
[BlackElo "2041"]
[Annotator ",Martin"]
[PlyCount "116"]
[TimeControl "240+2"]

1. e4 e5 2. Nf3 Nc6 3. d4 exd4 4. Nxd4 Nf6 5. Nxc6 bxc6 6.
Bd3 d5 7. e5 Nd7 8. O-O Be7 9. Qg4 Kf8 10. Qe2 Nc5 11. f4 Nxd3 12. Qxd3 g6 13.
f5 Bxf5 14. Qc3 Kg7 15. Qxc6 Qd7 16. Qc3 d4 17. Qg3 Bxc2 18. Na3 Bf5 19. Bg5
Rhe8 20. Bxe7 Rxe7 21. Nc4 Be6 22. Nd2 Bd5 23. Qf4 Qe6 24. Rae1 c5 25. b4 cxb4
26. Qxd4 Qb6 27. Rf4 Qxd4+ 28. Rxd4 Bxa2 29. Rxb4 a5 30. Ra4 Bd5 31. Rea1 Rxe5
32. Rxa5 Re2 33. Nf3 Bxf3 34. gxf3 Rxa5 35. Rxa5 Rd2 36. Rb5 Re2 37. Ra5 Kf6
38. Ra6+ Kg7 39. Ra7 h5 40. Rb7 Kf6 41. Ra7 Ke6 42. Rb7 f6 43. Rb5 Rd2 44. Ra5
Kf7 45. Ra7+ Ke6 46. Ra5 f5 47. Ra6+ Kf7 48. Rb6 Kg7 49. Ra6 Kh6 50. Rb6 Kg5
51. Ra6 h4 52. h3 Kf4 53. Rxg6 Kxf3 54. Rg5 Rd1+ 55. Kh2 f4 56. Rg8 Kf2 57. Rf8
f3 58. Rxf3+ Kxf3 1/2-1/2

[Event "International chess holiday K31"]
[Site "Praha"]
[Date "2012.07.31"]
[Round "5"]
[White "Koller, Martin"]
[Black "Suchý , Ladislav"]
[Result "1/2-1/2"]
[ECO "A52"]
[WhiteElo "1900"]
[BlackElo "1809"]
[Annotator ",Martin"]
[PlyCount "48"]
[TimeControl "240+2"]

1. d4 Nf6 2. c4 e5 3. dxe5 Ng4 4. e4 Nxe5 5. f4 Bb4+ 6.
Nc3 Ng6 7. Be3 Bxc3+ 8. bxc3 b6 9. Nf3 Bb7 10. Bd3 d6 11. O-O Nd7 12. Ng5 Qe7
13. c5 h6 14. cxd6 cxd6 15. Nh3 Bxe4 16. Bxe4 Qxe4 17. Re1 O-O 18. Qxd6 Nh4 19.
Qd2 Qg6 20. Qf2 Nf5 21. Rad1 Nf6 22. Bd4 Rac8 23. Qf3 Nxd4 24. cxd4 Rc2 1/2-1/2

[Event "International chess holiday K31"]
[Site "Praha"]
[Date "2012.07.31"]
[Round "5"]
[White "Trebbin, Wolfhard"]
[Black "Pokorný, Jan"]
[Result "0-1"]
[ECO "E62"]
[WhiteElo "2029"]
[BlackElo "1814"]
[Annotator ",Martin"]
[PlyCount "41"]
[TimeControl "240+2"]

1. d4 Nf6 2. Nf3 g6 3. g3 Bg7 4. Bg2 d6 5. O-O O-O 6. c4
c6 7. Nc3 Na6 8. a3 Rb8 9. Qd3 Nc7 10. b4 b6 11. Bb2 a5 12. b5 cxb5 13. cxb5
Bb7 14. e4 Nd7 15. d5 Nc5 16. Qe3 a4 17. Nd2 Ra8 neèitelné 0-1

[Event "International chess holiday K31"]
[Site "Praha"]
[Date "2012.07.31"]
[Round "5"]
[White "Hapke, Ralf"]
[Black "Brejník, Gustav"]
[Result "1-0"]
[ECO "B13"]
[WhiteElo "1945"]
[BlackElo "1846"]
[Annotator ",Martin"]
[PlyCount "49"]
[TimeControl "240+2"]

1. d4 c6 2. e4 d5 3. exd5 cxd5 4. c4 Nf6 5. Nf3 Bg4 6. c5
Nc6 7. Be2 Bxf3 8. Bxf3 e5 9. dxe5 Nxe5 10. O-O Nxf3+ 11. Qxf3 Bxc5 12. Re1+
Ne4 13. Nc3 Bb4 14. Nxd5 Bxe1 15. Qxe4+ Kf8 16. Bf4 Ba5 17. b4 Bb6 18. a4 a6
19. Re1 Ba7 20. Nc7 g6 21. Nxa8 Qxa8 22. Qe7+ Kg8 23. Be5 h5 24. Bxh8 Kxh8 25.
Qxf7 1-0

[Event "International chess holiday K31"]
[Site "Praha"]
[Date "2012.07.31"]
[Round "5"]
[White "Vítek, Jan"]
[Black "Pommrich, Rainer"]
[Result "1/2-1/2"]
[ECO "B30"]
[WhiteElo "1970"]
[BlackElo "2040"]
[Annotator ",Martin"]
[PlyCount "33"]
[TimeControl "240+2"]

1. e4 c5 2. Nf3 Nc6 3. Bc4 g6 4. c3 Bg7 5. d3 e6 6. Qe2
Nge7 7. Bb3 O-O 8. Nbd2 d5 9. Nf1 b6 10. Ng3 Ba6 11. Bg5 dxe4 12. Nxe4 Qxd3 13.
Qxd3 Bxd3 14. Nf6+ Kh8 15. h4 c4 16. Ba4 a6 17. O-O-O 1/2-1/2

[Event "International chess holiday K31"]
[Site "Praha"]
[Date "2012.07.31"]
[Round "5"]
[White "Vavøinec, Tomáš"]
[Black "Bouèek, Vlastimil"]
[Result "1-0"]
[ECO "A27"]
[WhiteElo "1995"]
[BlackElo "2008"]
[Annotator ",Martin"]
[PlyCount "69"]
[TimeControl "240+2"]

1. c4 e5 2. Nc3 Nc6 3. Nf3 f5 4. d3 d6 5. g3 g6 6. Bg2 h6
7. O-O Bg7 8. Bd2 Be6 9. Rb1 Qd7 10. b4 Nge7 11. b5 Nd8 12. a4 O-O 13. a5 d5
14. cxd5 Nxd5 15. Qc1 Kh7 16. Nxd5 Bxd5 17. Qc5 c6 18. e4 fxe4 19. dxe4 Ba2 20.
Rb2 Qe6 21. Rc1 cxb5 22. Rxb5 Re8 23. Rb2 Qf7 24. Bc3 Qe6 25. Bxe5 Bf8 26. Qb5
Ba3 27. Rc7+ Nf7 28. Rbc2 Kg8 29. Ba1 Rac8 30. Nd4 Rxc7 31. Rxc7 Qf6 32. Qxe8+
Kh7 33. Nc2 Qxa1+ 34. Nxa1 b5 35. e5 1-0

[Event "International chess holiday M31"]
[Site "Praha"]
[Date "2012.08.01"]
[Round "6"]
[White "Kratochvíl, Jakub"]
[Black "Spindler, Markus"]
[Result "1-0"]
[ECO "C42"]
[WhiteElo "2136"]
[BlackElo "2092"]
[Annotator ",Martin"]
[PlyCount "59"]
[TimeControl "240+2"]

1. e4 e5 2. Nf3 Nf6 3. Nxe5 d6 4. Nf3
Nxe4 5. d4 d5 6. Bd3 Nc6 7. O-O Be7 8. c4 Nf6 9. h3 Nb4 10. Be2 Bf5 11. Nc3 O-O
12. Bf4 Re8 13. Rc1 Rc8 14. Ne5 Nc6 15. cxd5 Nxe5 16. dxe5 Nd7 17. Bd3 Bxd3 18.
Qxd3 Bg5 19. Bxg5 Qxg5 20. f4 Qg6 21. Qxg6 hxg6 22. Nb5 g5 23. Nxc7 Rf8 24. e6
fxe6 25. dxe6 Nf6 26. e7 Rf7 27. fxg5 Ne8 28. Nxe8 Rxe8 29. Rxf7 Kxf7 30. Rc7
1-0

[Event "International chess holiday M31"]
[Site "Praha"]
[Date "2012.08.01"]
[Round "6"]
[White "Koper, Stefan"]
[Black "Hadžala, Daniel"]
[Result "0-1"]
[ECO "E00"]
[WhiteElo "1960"]
[BlackElo "2126"]
[Annotator ",Martin"]
[PlyCount "88"]
[TimeControl "240+2"]

1. d4 Nf6 2. c4 e6 3. g3 Bb4+ 4. Bd2 Bxd2+ 5. Nxd2 d6 6.
Bg2 O-O 7. e4 e5 8. d5 a5 9. Ne2 Na6 10. O-O Nc5 11. Qc2 c6 12. Nb3 Qb6 13.
Nxc5 Qxc5 14. Rac1 Bg4 15. h3 Bxe2 16. Qxe2 Rfc8 17. Rc3 a4 18. a3 Rc7 19. Kh2
Rac8 20. h4 cxd5 21. exd5 Qa5 22. Rfc1 b6 23. g4 Nd7 24. g5 Nc5 25. Bh3 Rf8 26.
h5 Nb3 27. Rg1 Nd4 28. Qd3 Qa8 29. h6 f5 30. f4 Qe8 31. Rg2 Qh5 32. fxe5 dxe5
33. d6 Rd7 34. hxg7 Kxg7 35. Qe3 Re8 36. c5 bxc5 37. Rxc5 Nf3+ 38. Qxf3 Qxf3
39. Rc7 Rxc7 40. dxc7 Rc8 41. Rc2 Qf4+ 42. Kg1 e4 43. Rf2 Qg3+ 44. Bg2 f4 0-1

[Event "International chess holiday M31"]
[Site "Praha"]
[Date "2012.08.01"]
[Round "6"]
[White "Michálek, František"]
[Black "Gregor, Jiøí"]
[Result "0-1"]
[ECO "B50"]
[WhiteElo "2069"]
[BlackElo "2281"]
[Annotator ",Martin"]
[PlyCount "86"]
[TimeControl "240+2"]

1. e4 c5 2. Nf3 d6 3. Nc3 Nf6 4. e5 dxe5 5. Nxe5 a6 6. Bc4
e6 7. a4 Qc7 8. f4 Bd6 9. O-O Bxe5 10. fxe5 Qxe5 11. d3 Nc6 12. Bf4 Qd4+ 13.
Kh1 b6 14. Bc7 O-O 15. Rf4 Qd7 16. Bxb6 Qe7 17. Qe2 Nd7 18. a5 Rb8 19. Na4 Nd4
20. Qf2 Nxb6 21. Nxb6 Bb7 22. Rf1 Nc6 23. Qe1 Kh8 24. h4 Rbe8 25. Bb3 f6 26. h5
Nd4 27. Ba4 Rd8 28. h6 g5 29. R4f2 e5 30. Nc4 e4 31. dxe4 Qe6 32. Bb3 Nxb3 33.
cxb3 Rde8 34. e5 Qh3+ 35. Kg1 Qxh6 36. Nd6 g4 37. Rxf6 Rxf6 38. Nxe8 g3 39.
Qxg3 Rg6 40. Rf6 Qc1+ 41. Kh2 Rg8 42. Qf2 Qg5 43. g3 Qxe5 0-1

[Event "International chess holiday M31"]
[Site "Praha"]
[Date "2012.08.01"]
[Round "6"]
[White "Hofírek, Benedikt"]
[Black "Staufenberger, Bernd"]
[Result "1-0"]
[ECO "D30"]
[WhiteElo "2041"]
[BlackElo "2079"]
[Annotator ",Martin"]
[PlyCount "103"]
[TimeControl "240+2"]

1. d4 d5 2. c4 e6 3. Nf3 c6 4. e3 Nf6 5. Bd3 a6 6. Nbd2 c5
7. b3 Nc6 8. Bb2 cxd4 9. exd4 Bb4 10. O-O O-O 11. Rc1 Bd7 12. a3 Bd6 13. Ne5
Ne7 14. Ndf3 Bc6 15. c5 Bxe5 16. Nxe5 Ng6 17. Re1 Re8 18. b4 Nd7 19. Nxg6 hxg6
20. a4 Nb8 21. b5 Bd7 22. Qb3 Qc7 23. c6 bxc6 24. b6 Qb7 25. Rc5 Bc8 26. a5 Qd7
27. Rc2 Bb7 28. Ba3 Qd8 29. Bc5 Nd7 30. Bd6 Nf6 31. Qb4 Ng4 32. f3 Nh6 33. g4
f5 34. h3 Nf7 35. Bc7 Qh4 36. Kg2 Ng5 37. Rh1 e5 38. Bxe5 Rxe5 39. dxe5 f4 40.
Qe1 Qxe1 41. Rxe1 Kf7 42. e6+ Nxe6 43. Bxg6+ Kf6 44. Rce2 Nc5 45. Bf5 g6 46.
Bc2 d4 47. Re5 d3 48. g5+ Kf7 49. Rxc5 dxc2 50. Rxc2 Rd8 51. Rce2 Rd7 52. Re4
1-0

[Event "International chess holiday M31"]
[Site "Praha"]
[Date "2012.08.01"]
[Round "6"]
[White "Hentzgen, Thomas"]
[Black "Nguyen, Thai Dai Van"]
[Result "1/2-1/2"]
[ECO "A29"]
[WhiteElo "2036"]
[BlackElo "2007"]
[Annotator ",Martin"]
[PlyCount "108"]
[TimeControl "240+2"]

1. c4 e5 2. Nc3 Nf6 3. g3 d5 4. cxd5 Nxd5 5. Bg2 Nb6 6.
Nf3 Nc6 7. O-O Be7 8. a3 a5 9. d3 Be6 10. Be3 Nd5 11. Nxd5 Bxd5 12. Qa4 O-O 13.
Rac1 f6 14. Rfd1 Qd7 15. Rd2 Rfd8 16. Bc5 Bxc5 17. Rxc5 Qd6 18. Rc3 Rab8 19.
Qb5 b6 20. Nh4 Ne7 21. Bxd5+ Nxd5 22. Rc6 Qd7 23. e4 Ne7 24. Qc4+ Kh8 25. Rxc7
Qd6 26. Rc2 Rd7 27. Rxd7 Qxd7 28. Qc7 Rd8 29. Qxd7 Rxd7 30. Nf5 h6 31. Nxe7
Rxe7 32. Rc6 Rd7 33. Rxb6 Rxd3 34. Rb5 Kg8 35. Kf1 Rd1+ 36. Ke2 Rb1 37. b3 Rb2+
38. Ke3 Kf7 39. f4 exf4+ 40. Kxf4 a4 41. bxa4 Ra2 42. Rb3 Rxh2 43. a5 Rc2 44.
a6 Rc6 45. a7 Ra6 46. Rb7+ Kg6 47. e5 Ra4+ 48. Kf3 fxe5 49. Re7 Kf6 50. Rb7 g6
51. Rc7 Kg5 52. Rb7 h5 53. Rc7 Kf5 54. Rf7+ Kg5 1/2-1/2

[Event "International chess holiday K31"]
[Site "Praha"]
[Date "2012.08.01"]
[Round "6"]
[White "Brejník, Gustav"]
[Black "Koller, Martin"]
[Result "0-1"]
[ECO "D01"]
[WhiteElo "1846"]
[BlackElo "1900"]
[Annotator ",Martin"]
[PlyCount "48"]
[TimeControl "240+2"]

1. d4 Nf6 2. Nc3 d5 3. Bg5 Bf5 4. e3 e6 5. Nf3 Nbd7 6. Bd3
Bxd3 7. Qxd3 Be7 8. O-O O-O 9. e4 dxe4 10. Nxe4 Nxe4 11. Bxe7 Qxe7 12. Qxe4 c6
13. c3 Nf6 14. Qd3 Rfd8 15. Rfe1 c5 16. Rad1 cxd4 17. Nxd4 Qd6 18. Qb5 a6 19.
Qe2 Qb6 20. h3 h6 21. Qc2 Rac8 22. Qa4 Qxb2 23. Re2 Rxd4 24. Rxb2 Rxa4 0-1

[Event "International chess holiday K31"]
[Site "Praha"]
[Date "2012.08.01"]
[Round "6"]
[White "Pokorný, Jan"]
[Black "Suchý, Ladislav"]
[Result "0-1"]
[ECO "D02"]
[WhiteElo "1814"]
[BlackElo "1809"]
[Annotator ",Martin"]
[PlyCount "44"]
[TimeControl "240+2"]

1. Nf3 Nf6 2. g3 Nc6 3. Bg2 d5 4. d4 Bf5 5. c3 e6 6. O-O
Bd6 7. Re1 h6 8. Nbd2 g5 9. a3 Qd7 10. b4 Ne4 11. Bb2 f6 12. c4 h5 13. c5 Bxg3
14. fxg3 h4 15. Nxe4 Bxe4 16. Rf1 hxg3 17. hxg3 O-O-O 18. Kf2 e5 19. Qa4 Qf5
20. b5 Bc2 21. Qxc2 Qxc2 22. bxc6 e4 0-1

[Event "International chess holiday K31"]
[Site "Praha"]
[Date "2012.08.01"]
[Round "6"]
[White "Trebbin, Wolfhard"]
[Black "Vavøinec, Tomáš"]
[Result "0-1"]
[ECO "A49"]
[WhiteElo "2029"]
[BlackElo "1995"]
[Annotator ",Martin"]
[PlyCount "90"]
[TimeControl "240+2"]

1. d4 Nf6 2. g3 c5 3. Nf3 g6 4. Bg2 Bg7 5. O-O cxd4 6.
Nxd4 Nc6 7. c3 O-O 8. e4 a6 9. Nd2 d6 10. Nc4 Qc7 11. Ne3 e6 12. b3 Bd7 13. Bb2
b5 14. c4 Rab8 15. cxb5 axb5 16. Nxc6 Bxc6 17. Rc1 Ne8 18. Bxg7 Kxg7 19. Qd4+
e5 20. Qd2 Qb6 21. Nd5 Bxd5 22. Qxd5 Nc7 23. Qc6 Ne6 24. Rfd1 Nd4 25. Qxb6 Rxb6
26. Rc7 Ra8 27. Rd2 Rba6 28. Rd7 R8a7 29. Rd8 Kf6 30. Rb2 Ke7 31. Rb8 Rxa2 32.
Rxa2 Rxa2 33. Bf1 Rb2 34. Rb7+ Kf6 35. Rb6 Rxb3 36. Rxd6+ Ke7 37. Rb6 Rb1 38.
Kg2 b4 39. Bc4 b3 40. Rb7+ Kd6 41. Bxf7 Kc5 42. Bd5 Nb5 43. Bxb3 Rxb3 44. Rxh7
Nd4 45. Re7 Kd6 0-1

[Event "International chess holiday K31"]
[Site "Praha"]
[Date "2012.08.01"]
[Round "6"]
[White "Bouèek, Vlastimil"]
[Black "Vítek, Jan"]
[Result "1-0"]
[ECO "C00"]
[WhiteElo "2008"]
[BlackElo "1970"]
[Annotator ",Martin"]
[PlyCount "51"]
[TimeControl "240+2"]

1. e4 e6 2. d3 d5 3. Qe2 Be7 4. c3 c5 5. g3 Nf6 6. f3 e5
7. Nh3 Nc6 8. Nf2 d4 9. Qc2 b5 10. a3 a5 11. Be2 Bb7 12. O-O b4 13. cxb4 axb4
14. Nd2 Na5 15. a4 Bc8 16. b3 Be6 17. Nc4 Nxc4 18. dxc4 Nd7 19. f4 exf4 20.
gxf4 f6 21. Bf3 Ra6 22. Kh1 g5 23. Nd3 h5 24. e5 g4 25. Bd5 Bf5 26. Qe2 neèitelné 1-0

[Event "International chess holiday K31"]
[Site "Praha"]
[Date "2012.08.01"]
[Round "6"]
[White "Pommrich, Rainer"]
[Black "Hapke, Ralf"]
[Result "1-0"]
[ECO "A38"]
[WhiteElo "2040"]
[BlackElo "1945"]
[Annotator ",Martin"]
[PlyCount "115"]
[TimeControl "240+2"]

1. Nf3 Nf6 2. c4 g6 3. g3 Bg7 4. Bg2 O-O 5. O-O d6 6. Nc3
c5 7. d3 Nc6 8. Rb1 e5 9. a3 a5 10. Bg5 h6 11. Bd2 Ne8 12. Nd5 Ra7 13. Bc3 Bd7
14. b4 axb4 15. axb4 b6 16. Ra1 Rxa1 17. Qxa1 cxb4 18. Nxb4 Nxb4 19. Bxb4 Bc6
20. Qa3 f5 21. Nh4 Bxg2 22. Nxg2 Rf7 23. Ra1 Rd7 24. Qa8 Bf6 25. Qc6 Qc7 26.
Qxc7 Nxc7 27. Ra7 Bd8 28. Ne3 Kf7 29. Nd5 Ke6 30. Nxb6 Re7 31. e3 Ne8 32. Rxe7+
Kxe7 33. Nd5+ Kd7 34. h4 g5 35. hxg5 hxg5 36. Kf1 g4 37. e4 fxe4 38. dxe4 Bg5
39. Ke2 Ng7 40. Bd2 Bxd2 41. Kxd2 Ne8 42. Ke3 Kc6 43. f4 gxf3 44. Kxf3 Kd7 45.
Kg4 Ke6 46. Kg5 Kf7 47. Kh6 Ng7 48. g4 Ne6 49. g5 Nf8 50. Nc7 Ng6 51. Nb5 Nf4
52. Nxd6+ Ke6 53. c5 Kd7 54. g6 Ne6 55. g7 Nxg7 56. Kxg7 Kc6 57. Kf6 Kxc5 58.
Kxe5 1-0

[Event "International chess holiday M31"]
[Site "Praha"]
[Date "2012.08.02"]
[Round "7"]
[White "Hadžala, Daniel"]
[Black "Michálek, František"]
[Result "1/2-1/2"]
[ECO "A90"]
[WhiteElo "2126"]
[BlackElo "2069"]
[Annotator ",Martin"]
[PlyCount "20"]
[TimeControl "240+2"]

1. d4 f5 2. c4 e6 3. Nf3 Nf6 4. g3 d5 5. Nc3 c6 6. Bg2 Bd6
7. O-O O-O 8. b3 Qe7 9. Qc2 Na6 10. Bb2 Bd7 1/2-1/2

[Event "International chess holiday M31"]
[Site "Praha"]
[Date "2012.08.02"]
[Round "7"]
[White "Nguyen, Thai Dai Van"]
[Black "Kratochvíl, Jakub"]
[Result "0-1"]
[ECO "C45"]
[WhiteElo "2007"]
[BlackElo "2136"]
[Annotator ",Martin"]
[PlyCount "62"]
[TimeControl "240+2"]

1. e4 e5 2. Nf3 Nc6 3. d4 exd4 4. Nxd4 Bc5 5. Nxc6 Qf6 6.
Qf3 Qxf3 7. gxf3 bxc6 8. Rg1 Ne7 9. Be3 Bxe3 10. fxe3 O-O 11. Nd2 d5 12. Bd3
Re8 13. Kf2 Rb8 14. b3 Ng6 15. exd5 cxd5 16. Bxg6 hxg6 17. c4 Rd8 18. Rgd1 Be6
19. cxd5 Rxd5 20. Nc4 Rh5 21. Kg3 Rg5+ 22. Kf4 Rh5 23. Kg3 Rbb5 24. h4 g5 25.
Rd8+ Kh7 26. Rh1 gxh4+ 27. Rxh4 Rbg5+ 28. Kf4 Rf5+ 29. Kg4 Rxh4+ 30. Kxh4 Rxf3
31. Ra8 f6 0-1